 Dungeon Crawl Stone Soup version 0.27-a0-1060-gcb85b5eba1 (console) character file.

Game seed: 2434347962355330871

623911 jejorda2 the Acrobat (level 27, -31/227 HPs)
             Began as a Merfolk Berserker on Apr 20, 2021.
             Was the Champion of Trog.
             Annihilated by an Orb Guardian (33 damage)
             ... on level 5 of the Realm of Zot on Apr 21, 2021.
             The game lasted 04:48:38 (79491 turns).

jejorda2 the Acrobat (Merfolk Berserker)           Turns: 79491, Time: 04:48:39

Health: -31/227    AC: 36    Str: 29    XL:     27
Magic:  6/6        EV: 23    Int:  8    God:    Trog [******]
Gold:   2203       SH: 18    Dex: 18    Spells: 26/26 levels left

rFire    + + .     SeeInvis +   b - +9 demon trident (antimagic)
rCold    + . .     Faith    +   R - +1 kite shield {reflect}
rNeg     + + .     Spirit   .   X - +3 gold dragon scales
rPois    +         Reflect  +   T - +0 helmet of Thoughtfulness {Slay+6}
rElec    +         Harm     .   I - +2 cloak {Will+}
rCorr    +         Rampage  .   D - +2 pair of gloves {Str+3}
Will     +++++                  (boots currently unavailable)
Stlth    ..........             i - amulet of Existentialism {Faith rF+ rN+ Slay-2}
HPRegen  1.47/turn              W - ring "Narytatz" {rElec rCorr Dex+6}
MPRegen  0.10/turn              v - ring "Plog" {Contam rN+ Will++ Str-4 SInv}

@: about to teleport, marked, on berserk cooldown, regenerating (expiring),
slowed, studying Slings, quick
A: nimble swimmer 2, mertail, clumsy 1, low mp 1, poison resistance, strong 1,
wild magic 1
}: 3/15 runes: decaying, serpentine, silver
a: Renounce Religion, Berserk, Trog's Hand, Brothers in Arms


You were on level 5 of the Realm of Zot.
You worshipped Trog.
Trog was exalted by your worship.
You visited 10 branches of the dungeon, and saw 50 of its levels.
You visited the Abyss 2 times.
You visited 1 bazaar.
You also visited: Trove, Ossuary, Bailey and Wizlab.

You collected 8806 gold pieces.
You spent 6603 gold pieces at shops.

Inventory:

Hand Weapons
 a - the +18 lance "Wyrmbane" {slay drac, rPois rF+ rC+ AC+3}
   (You bought it in a shop on level 9 of the Dungeon)

   It affects your AC (+3).
   It protects you from fire.
   It protects you from cold.
   It protects you from poison.
 b - a +9 antimagic demon trident (weapon)
Missiles
 l - 33 boomerangs (quivered)
 m - 12 curare-tipped darts
 o - 29 atropa-tipped darts
 z - 4 javelins
 K - 7 boomerangs of dispersal
 M - 3 silver javelins
 U - 5 datura-tipped darts
Armour
 p - a +2 pair of boots (melded)
 D - a +2 pair of gloves of strength (worn)
 I - a +2 cloak of willpower (worn)
 R - a +1 kite shield of reflection (worn)
 T - the +0 helmet of Thoughtfulness (worn) {Slay+6}
   (You bought it in a shop on level 15 of the Dungeon)

   It affects your accuracy and damage with ranged weapons and melee attacks
   (+6).
 X - +3 gold dragon scales (worn)
Jewellery
 i - the amulet of Existentialism (around neck) {Faith rF+ rN+ Slay-2}
   (You found it in a treasure trove)

   [amulet of faith]

   It allows you to gain divine favour quickly.
   It affects your accuracy and damage with ranged weapons and melee attacks
   (-2).
   It protects you from fire.
   It protects you from negative energy.
 v - the ring "Plog" (right hand) {Contam rN+ Will++ Str-4 SInv}
   (You found it in a treasure trove)

   [ring of positive energy]

   It affects your strength (-4).
   It protects you from negative energy.
   It lets you see invisible.
   It causes magical contamination when unequipped.
   It greatly increases your willpower.
 N - the ring of Heliutre {Fly rN+++ rCorr Stlth-}
   (You found it on level 3 of the Elven Halls)

   [ring of flight]

   It renders you almost immune to negative energy.
   It grants you flight.
   It protects you from acid and corrosion.
   It makes you less stealthy.
 W - the ring "Narytatz" (left hand) {rElec rCorr Dex+6}
   (You took it off a deep elf sorcerer on level 3 of the Elven Halls)

   [ring of dexterity]

   It affects your dexterity (+6).
   It insulates you from electricity.
   It protects you from acid and corrosion.
Wands
 d - a wand of digging (24)
 f - a wand of acid (50)
 t - a wand of charming (21)
 w - a wand of mindburst (33)
 y - a wand of polymorph (52)
 A - a wand of flame (49)
 H - a wand of paralysis (15)
 J - a wand of iceblast (32)
Scrolls
 j - 25 scrolls of teleportation
 k - 8 scrolls of blinking
 n - 5 scrolls of fear
 q - 4 scrolls of silence
 r - 4 scrolls of holy word
 s - 12 scrolls of noise
 F - 43 scrolls of identify
 G - 6 scrolls of fog
 V - 4 scrolls of summoning
Potions
 c - 16 potions of haste
 e - 3 potions of might
 g - 2 potions of magic
 h - 5 potions of attraction
 u - 25 potions of curing
 x - a potion of invisibility
 C - 12 potions of flight
 E - a potion of ambrosia
 L - 6 potions of cancellation
 P - 7 potions of heal wounds
 Q - 4 potions of mutation
 S - 4 potions of resistance
Miscellaneous
 B - a tin of tremorstones (2/2)
 O - a lightning rod (4/4)
 Y - a condenser vane
 Z - a phial of floods (inert)


   Skills:
 + Level 20.8 Fighting
 + Level 22.0 Polearms
 - Level 16.0 Throwing
 * Level 20.9 Armour
 + Level 24.1 Dodging
 - Level 7.6 Stealth
 - Level 18.6 Shields
 - Level 14.0 Evocations


You had 26 spell levels left.
You didn't know any spells.
Your spell library contained the following spells:

 Spells                   Type           Power      Damage    Failure   Level
 Foxfire                  Conj/Fire      0%         2x1d4     99%         1
 Sublimation of Blood     Necr           0%         N/A       100%        2
 Conjure Flame            Conj/Fire      0%         6-21      100%        3
 Ignite Poison            Fire/Tmut/Pois 0%         N/A       100%        3
 Inner Flame              Hex/Fire       0%         N/A       100%        3
 Cause Fear               Hex            0%         N/A       100%        4
 Petrify                  Tmut/Erth      0%         N/A       100%        4
 Sticky Flame             Conj/Fire      0%         2d3       100%        4
 Alistair's Intoxication  Tmut/Pois      0%         N/A       100%        5
 Bolt of Magma            Conj/Fire/Erth 0%         4d4       100%        5
 Fireball                 Conj/Fire      0%         3d3       100%        5
 Irradiate                Conj/Tmut      0%         3d13      100%        5
 Iskenderun's Battlesphe  Conj           0%         2d6       100%        5
 Silence                  Hex/Air        0%         N/A       100%        5
 Yara's Violent Unravell  Hex/Tmut       0%         3d3       100%        5
 Eringya's Noxious Bog    Tmut/Pois      0%         N/A       100%        6
 Iron Shot                Conj/Erth      0%         9d1       100%        6
 Orb of Destruction       Conj           0%         N/A       100%        7
 Spellforged Servitor     Conj/Summ      0%         N/A       100%        7
 Discord                  Hex            0%         N/A       100%        8


Dungeon Overview and Level Annotations

Branches:
Dungeon (15/15)            Temple (0/1) D:6            Lair (6/6) D:9
  Swamp (4/4) Lair:4        Snake (4/4) Lair:2        Slime (0/5) Lair:6
    Orc (2/2) D:9             Elf (3/3) Orc:2        Vaults (5/5) D:14
  Crypt (0/3) Vaults:3     Depths (5/5) D:15           Hell (visited)
    Zot (5/5) Depths:5    Ossuary (visited)          Bailey (visited)
 WizLab (visited)
    Dis: Hell:1         Geh: Hell:1         Coc: Hell:1         Tar: Hell:1

Altars:
Dithmenos
Nemelex Xobeh
Okawaru
Trog
Uskayaw
Wu Jian
Xom
Yredelemnul
The Shining One
Beogh
Jiyva

Shops:
D:9 (   D:13 [   D:15 [?   Orc:2 :!?!*   Elf:2 *   Snake:2 *[*[?   Depths:3 :(?

Portals:
Hell: Depths:1 Depths:2 Depths:3 Depths:4 Depths:5
Abyss: Depths:1 Depths:3 Depths:4
Pandemonium: Depths:3 Depths:4 Depths:5
Ziggurat: Depths:3

Annotations:
Vaults:1 3 runed translucent doors, exclusion: door, Tewud's ghost, journeyman FeIE; garrulousMonolith's ghost, veteran GnFi; kd29's ghost, adept GrFE; porpoise's ghost, adept DjVM


Innate Abilities, Weirdness & Mutations

You are quick and stealthy near water. (Stealth+, EV+, Speed+++)
Your lower body shifts to a powerful aquatic tail in water.
You are clumsy. (Dex -2)
Your magical capacity is low. (-10% MP)
Your system is resistant to poisons. (rPois)
Your muscles are strong. (Str +2)
Your spells are a little harder to cast, but a little more powerful.


Message History

Floosh!
The Brimstone Fiend is engulfed in water.
The orb of fire is engulfed in water.
The Orb Guardian is engulfed in water.
The cacodemon is engulfed in water.
The tormentor is engulfed in water.
The Orb Guardian is engulfed in water. x3
The Killer Klown is engulfed in water.
The Orb Guardian closely misses you.
The ancient lich splashes around in the water.
The Orb Guardian hits you!
* * * LOW HITPOINT WARNING * * *
The Killer Klown defenestrates you but does no damage.
You block the Orb Guardian's attack. The Orb Guardian hits you!!
* * * LOW HITPOINT WARNING * * *
An Orb Guardian comes into view.
The dread lich touches you.
* * * LOW HITPOINT WARNING * * *
You partially resist. You block the ancient lich's attack.
The Orb Guardian hits you but does no damage.
You block the cacodemon's attack.
The cacodemon hits you but does no damage.
The Killer Klown closely misses you.
The Brimstone Fiend calls on the powers of darkness!
The Orb Guardian convulses! x2; The Killer Klown convulses!
The Orb Guardian convulses!
Your body is wracked with pain!
* * * LOW HITPOINT WARNING * * *
The Orb Guardian convulses! x5; The storm dragon convulses!
The Orb Guardian convulses! x2; The moth of wrath convulses!
The Orb Guardian misses you.
The Orb Guardian hits you but does no damage.
You feel much better.
You feel the effects of Trog's Hand fading.
You block the Orb Guardian's attack. The dread lich completely misses you.
The ancient lich splashes around in the water.
An orb of fire comes into view.
The Orb Guardian hits you!!
* * * LOW HITPOINT WARNING * * *
The moth of wrath goads the Orb Guardian on!
The Orb Guardian goes berserk!
The Orb Guardian hits you!
* * * LOW HITPOINT WARNING * * *
The Orb Guardian hits you!!
You die...

***,..................##
**,,,...*...............#*
*,,,,...y................#
*,,,,^..........^.$......#
*,,,,^.........?........##
*,,,,....(X...y..^..^..##
,,^,^.X..*..*.XXD≈....##
*,,,,.........XX*L≈....##
*,,,,p.......XXX@L2.....#*
*,,,,.......^..pX2≈......*
*,,,,..........XX1.≈.....*
**,,^,,,,^.........^....#*
***,,,,,.......^......##
****,,...........####
***############


You could see 3 orbs of fire, a Killer Klown (waterlogged), an ancient lich
(fast, invisible), a dread lich (fast), a storm dragon, a Brimstone Fiend
(summoned, waterlogged), a cacodemon (summoned, waterlogged), 11 Orb Guardians,
a moth of wrath and a tormentor (summoned, waterlogged).

Vanquished Creatures
  3 dread liches
  6 ancient liches
  Mara (Swamp:4)
  Mennas (Depths:4)
  A juggernaut (Depths:4)
  The ghost of SlowGraham the Acrobat, a legendary KoMo of Trog (Vaults:2)
  Boris (twice) (Depths:3 Depths:4)
  Frederick (Vaults:5)
  Margery (Vaults:5)
  Geryon (Hell)
  2 curse toes
  6 golden dragons
  2 Tzitzimimeh (Depths:3)
  An electric golem (Zot:1)
  12 tentacled monstrosities
  4 quicksilver dragons
  Asterion (Elf:1)
  9 Orb Guardians (Zot:5)
  3 titans
  2 liches
  3 deep elf master archers (Elf:3)
  3 deep elf blademasters
  9 death cobs
  Frances (D:13)
  A tentacled starspawn (Abyss:2)
  An ancient champion (WizLab)
  A sphinx (Vaults:5)
  Agnes (Elf:2)
  2 draconian monks (Zot:1)
  A thorn hunter (Swamp:4)
  13 shadow dragons
  4 tengu reavers
  7 nagarajas
  Donald (Swamp:4)
  8 storm dragons
  A fenstrider witch (Swamp:3)
  9 frost giants
  An iron dragon (Hell)
  6 fire giants
  7 deep elf sorcerers
  6 draconian scorchers
  16 vault wardens
  Aizul (Snake:4)
  2 draconian knights (Zot:1)
  The ghost of snackwell the Severer, a journeyman DDHu of Makhleb (Orc:1)
  Louise (Depths:1)
  A ghost moth (Zot:5)
  A balrug (Hell)
  6 draconian shifters
  A juggernaut zombie (Depths:2)
  4 draconian stormcallers
  5 deep elf elementalists (Elf:3)
  2 orc warlords (Depths:2)
  3 draconian annihilators (Zot:1)
  5 war gargoyles
  2 reapers
  3 spriggan defenders
  33 very ugly things
  12 ironbound preservers
  15 stone giants
  8 purple draconians
  7 vampire knights
  3 deep elf demonologists (Elf:3)
  9 green draconians
  6 black draconians
  7 deep elf annihilators
  16 yellow draconians
  3 dire elephants
  8 red draconians
  3 bunyips
  2 entropy weavers
  8 white draconians
  4 salamander tyrants
  An eidolon (Vaults:3)
  5 eleionomae
  A blizzard demon (Depths:1)
  A green death (Abyss:2)
  A merfolk impaler (Depths:1)
  6 deep elf death magi
  12 ettins
  3 crystal guardians (Vaults:4)
  A spectral golden dragon (Depths:1)
  5 deep elf high priests
  12 fire dragons
  36 vault guards
  13 yaktaur captains
  10 ironbound thunderhulks
  3 shambling mangroves
  6 boulder beetles
  Harold (D:8)
  10 ice dragons
  13 naga warriors
  9 great orbs of eyes
  20 hydras
  An ice dragon (shapeshifter) (D:14)
  4 peacekeepers
  4 rakshasas (Depths:2)
  12 alligators
  4 ogre magi
  4 spriggan air magi
  Erica (D:8)
  13 centaur warriors
  7 anacondas
  4 catoblepae
  14 two-headed ogres
  2 death knights (Depths:2)
  A spectral frost giant (Depths:2)
  6 deep troll shamans
  5 ironbound frosthearts
  A hell hog (Abyss:2)
  11 death yaks
  11 deep troll earth magi
  11 tengu warriors
  2 vampire magi
  5 ironbound beastmasters
  28 dancing weapons
  5 shock serpents
  An orc high priest (Orc:1)
  14 naga sharpshooters
  3 sun demons
  4 spriggan berserkers (Depths:5)
  24 hell knights
  15 skeletal warriors
  3 soul eaters
  A wretched star (Abyss:2)
  4 goliath frogs
  18 deep elf knights
  6 iron trolls
  6 salamander mystics
  2 sixfirhies
  A death drake (Swamp:3)
  2 glowing orange brains (shapeshifter)
  A shadow wraith (Vaults:5)
  35 deep trolls
  5 spriggan druids
  5 flayed ghosts
  6 naga ritualists
  10 swamp dragons
  4 glowing orange brains
  20 ironbound convokers
  4 phantasmal warriors
  14 lindwurms
  3 bog bodies
  15 wizards
  17 orc knights
  18 deep elf archers
  26 deep elf zephyrmancers
  8 necromancers
  75 ugly things
  27 deep elf pyromancers
  4 mana vipers
  2 oklob plants (Lair:6)
  A will-o-the-wisp (Swamp:3)
  3 manticores
  17 slime creatures
  14 salamanders
  11 cyclopes
  3 guardian serpents
  3 elephants (Lair:6)
  3 rust devils
  15 moths of wrath
  A fire giant skeleton (Depths:1)
  An apocalypse crab (Abyss:2)
  27 black mambas
  23 vault sentinels
  5 smoke demons
  18 naga magi
  A gargoyle (D:12)
  A molten gargoyle (Depths:1)
  3 torpor snails
  Psyche (D:12)
  An unseen horror (D:12)
  A hellion (Depths:4)
  An orange demon (Depths:4)
  An unseen horror (shapeshifter) (Elf:1)
  2 freezing wraiths
  4 efreet
  2 kobold demonologists
  2 rime drakes (Lair:3)
  12 cane toads
  A rime drake (shapeshifter) (D:15)
  9 komodo dragons
  3 tengu conjurers
  33 yaktaurs
  A queen bee (shapeshifter) (D:14)
  3 ancient zymes (Abyss:2)
  A red devil (Depths:4)
  A hellwing (Depths:4)
  4 polar bears
  18 trolls
  20 hornets
  10 tyrant leeches
  11 blink frogs
  2 spriggan zombies
  2 large abominations (Abyss:2)
  4 dream sheep
  2 dream sheep (shapeshifter)
  4 raiju (Abyss:2)
  A centaur simulacrum (D:14)
  An ettin zombie (Depths:2)
  18 spriggans
  A redback (Vaults:4)
  6 vampires
  14 water elementals
  A shadow (D:10)
  5 ynoxinuls
  3 air elementals
  A deep troll skeleton (Depths:1)
  2 wyverns
  4 wraiths
  37 yaks
  2 small abominations (Abyss:2)
  A tarantella (D:14)
  A fire bat (Abyss:2)
  Grum (D:9)
  7 basilisks
  A neqoxec (Abyss:2)
  5 chaos spawn
  20 vampire mosquitoes
  3 steam dragons
  15 swamp worms
  An acid dragon (D:11)
  46 nagas
  5 wargs
  4 two-headed ogre zombies (WizLab)
  17 water moccasins
  2 floating eyes
  4 swamp drakes
  A hornet zombie (D:5)
  2 ice beasts
  34 orc warriors
  5 black bears
  26 wolves
  3 necrophages
  22 ogres
  7 centaurs
  2 kobold brigands
  5 earth elementals
  2 scorpions
  13 bullfrogs
  14 wights
  16 killer bees
  10 troll zombies (WizLab)
  A manticore simulacrum (Abyss:2)
  2 tengu skeletons
  3 electric eels
  6 howler monkeys
  A jelly (D:6)
  20 starcursed masses (Abyss:2)
  5 centaur zombies
  22 orc priests
  2 hounds
  2 bullfrog skeletons (D:5)
  A gnoll shaman (D:4)
  Jessica (D:3)
  3 iguanas
  Terence (D:2)
  27 orc wizards
  2 hell rats (Depths:1)
  A killer bee zombie (D:7)
  3 ogre zombies (WizLab)
  Robin (D:4)
  20 gnolls
  3 adders
  A white imp (Abyss:2)
  2 ufetubi (Abyss:2)
  A worm (D:4)
  A dart slug (D:1)
  110 orcs
  4 bats
  8 endoplasms
  3 giant cockroaches
  14 goblins
  14 hobgoblins
  17 jackals
  A quokka (D:4)
  8 ball pythons
  2 ball python skeletons (Ossuary)
  4 frilled lizards
  3 hobgoblin skeletons (Ossuary)
  A hobgoblin zombie (Ossuary)
  12 kobolds
  2 orc skeletons (Ossuary)
  An orc zombie (Ossuary)
  3 rats
  2 starspawn tentacles (Abyss:2)
2110 creatures vanquished.

Vanquished Creatures (collateral kills)
  A dread lich (Vaults:5)
  The ghost of robertstho the Slayer, a veteran MiBe of Trog (Vaults:2)
  A tentacled monstrosity (Vaults:5)
  An Orb Guardian (Zot:5)
  The ghost of Lolleill the Bludgeoner, an adept DgTm (Vaults:2)
  The ghost of Kipt the Spry, an adept SpFE of Dithmenos (Vaults:2)
  A fire giant (Depths:1)
  A vault warden (Vaults:3)
  2 black draconians (Depths:5)
  An ettin (Depths:5)
  2 white draconians (Zot:1)
  A vault guard (Vaults:3)
  2 hydras
  A yaktaur captain (Vaults:1)
  A naga warrior (Snake:4)
  Fannar (Lair:1)
  A boulder beetle (Orc:2)
  A two-headed ogre (Orc:2)
  A hell knight (Depths:5)
  2 deep trolls
  A goliath frog (Swamp:4)
  A swamp dragon (Swamp:4)
  A phantasmal warrior (Vaults:5)
  2 orc knights (Bailey)
  An ugly thing (Vaults:3)
  A moth of wrath (Zot:2)
  A guardian serpent (Snake:4)
  3 naga magi (Snake:4)
  2 smoke demons (Hell)
  4 black mambas (Snake:4)
  A molten gargoyle (Hell)
  3 yaks (Lair:1)
  2 nagas (Snake:4)
  4 orc warriors
  2 ogres (Orc:2)
  8 orcs
61 creatures vanquished.

Vanquished Creatures (others)
  A fire dragon (Depths:2)
  2 deep elf pyromancers (Elf:1)
  A naga ritualist (Snake:2)
  A deep elf zephyrmancer (Elf:3)
  A black mamba (Snake:2)
  A rust devil (Depths:1)
  A small abomination (Abyss:2)
  A bush (Lair:6)
  2 foxfires (Swamp:3)
  21 fungi
  59 plants
91 creatures vanquished.

Grand Total: 2262 creatures vanquished

Notes
Turn   | Place    | Note
-------+----------+-------------------------------------------
     0 | D:1      | jejorda2 the Merfolk Berserker began the quest for the Orb.
     0 | D:1      | Reached XP level 1. HP: 18/18 MP: 1/1
   177 | D:1      | Reached XP level 2. HP: 24/24 MP: 2/2
   229 | D:1      | Reached skill level 5 in Polearms
   901 | D:2      | Reached XP level 3. HP: 29/29 MP: 3/3
   903 | D:2      | Reached ** piety under Trog
  1350 | D:2      | Found a faded altar of an unknown god.
  1417 | D:2      | Noticed Terence
  1421 | D:2      | Killed Terence
  1422 | D:2      | Reached XP level 4. HP: 37/37 MP: 4/4
  2324 | D:3      | Found a sparkling altar of Nemelex Xobeh.
  2479 | D:3      | Noticed Jessica
  2490 | D:3      | Killed Jessica
  2491 | D:3      | Reached XP level 5. HP: 42/42 MP: 5/5
  2648 | D:3      | Found an ornate altar of the Wu Jian Council.
  2709 | D:3      | Noticed an orc warrior
  2726 | D:3      | Killed an orc warrior
  2727 | D:3      | Reached XP level 6. HP: 34/49 MP: 6/6
  2985 | D:4      | Noticed a water moccasin
  2991 | D:4      | Killed a water moccasin
  3076 | D:4      | Reached skill level 5 in Fighting
  3076 | D:4      | Reached XP level 7. HP: 25/56 MP: 7/7
  3285 | D:4      | Noticed Robin
  3299 | D:4      | Killed Robin
  3312 | D:4      | Reached *** piety under Trog
  4340 | D:4      | Reached **** piety under Trog
  4466 | D:4      | Noticed a boulder beetle
  4477 | D:4      | Killed a boulder beetle
  4478 | D:4      | Reached XP level 8. HP: 64/64 MP: 8/8
  4929 | D:5      | Entered Level 5 of the Dungeon
  5040 | D:5      | Found a sand-covered staircase.
  5045 | Ossuary  | Entered an ossuary
  5336 | Ossuary  | Noticed a flying skull
  5336 | Ossuary  | Noticed a wraith
  5349 | Ossuary  | Noticed a flying skull
  5371 | Ossuary  | Noticed a flying skull
  5390 | Ossuary  | Noticed a flying skull
  5396 | Ossuary  | Noticed a wraith
  5399 | Ossuary  | Killed a wraith
  5400 | Ossuary  | Reached XP level 9. HP: 63/69 MP: 9/9
  5690 | D:5      | Reached skill level 3 in Dodging
  5846 | D:5      | Reached skill level 5 in Armour
  6186 | D:5      | Found a basalt altar of Yredelemnul.
  6292 | D:6      | Reached skill level 4 in Dodging
  6452 | D:6      | Identified a scroll of acquirement
  6452 | D:6      | Acquired a manual of Evocations
  6764 | D:6      | Found a staircase to the Ecumenical Temple.
  7147 | D:7      | Reached skill level 5 in Dodging
  7290 | D:7      | Reached XP level 10. HP: 76/76 MP: 10/10
  7960 | D:8      | Noticed Erica
  7972 | D:8      | Killed Erica
  7973 | D:8      | Reached skill level 15 in Polearms
  7973 | D:8      | Reached skill level 6 in Dodging
  8223 | D:8      | Noticed Harold
  8232 | D:8      | Killed Harold
  8619 | D:9      | Found Yduwibagro's Weapon Emporium.
  8964 | D:9      | Found a staircase to the Orcish Mines.
  9107 | D:9      | Reached ***** piety under Trog
  9278 | D:9      | Reached XP level 11. HP: 65/83 MP: 11/11
  9756 | D:9      | Noticed Grum
  9762 | D:9      | Killed Grum
  9923 | D:9      | Found a staircase to the Lair.
  9969 | D:9      | Reached skill level 1 in Evocations
 10253 | Orc:1    | Entered Level 1 of the Orcish Mines
 10285 | Orc:1    | Received a gift from Trog
 10697 | Orc:1    | Found a runed translucent door.
 10697 | Orc:1    | Found a shimmering altar of Xom.
 10697 | Orc:1    | Noticed snackwell's ghost (journeyman DDHu)
 10698 | Orc:1    | Noticed a +4 long sword of chaos
 10880 | Lair:1   | Entered Level 1 of the Lair of Beasts
 11325 | Lair:1   | Reached skill level 5 in Evocations
 11463 | Lair:1   | You fall into a shaft and drop 1 floor!
 11529 | Lair:2   | Noticed a five-headed hydra
 11537 | Lair:2   | Killed a five-headed hydra
 11628 | Lair:1   | Noticed Fannar
 11628 | Lair:1   | Noticed a four-headed hydra
 11631 | Lair:1   | Killed a four-headed hydra
 11640 | Lair:1   | Killed Fannar
 11641 | Lair:1   | Reached XP level 12. HP: 95/95 MP: 12/12
 12292 | Lair:1   | Identified the ring "Giesmory" {Fire rElec rCorr MP+9}
 12654 | Lair:2   | Found a staircase to the Snake Pit.
 13151 | D:9      | Bought the +8 lance "Wyrmbane" {slay drac, rPois rF+ rC+
                  | AC+3} for 1373 gold pieces
 13151 | D:9      | Found the +8 lance "Wyrmbane" {slay drac, rPois rF+ rC+
                  | AC+3}
 13977 | Lair:3   | Reached skill level 1 in Shields
 13987 | Lair:3   | Reached skill level 10 in Fighting
 14505 | Lair:3   | Identified the +1 robe "Kerowaez" {Contam +Inv Will-
                  | Stlth+}
 15029 | Lair:4   | Reached skill level 5 in Shields
 15878 | Lair:4   | Reached XP level 13. HP: 93/103 MP: 13/13
 16255 | Lair:4   | Found a staircase to the Swamp.
 18398 | Lair:6   | Entered Level 6 of the Lair of Beasts
 18751 | Lair:6   | Reached skill level 10 in Shields
 18763 | Lair:6   | Reached skill level 10 in Armour
 19048 | Lair:6   | Reached skill level 1 in Throwing
 19177 | Lair:6   | Found a staircase to the Slime Pits.
 19179 | Lair:6   | Found a viscous altar of Jiyva.
 19243 | Lair:6   | Received a gift from Trog
 19428 | Lair:6   | Reached XP level 14. HP: 110/110 MP: 14/14
 19564 | Lair:6   | Identified the +3 long sword "Kifoejia" {protect, rElec rF+
                  | rC- SInv}
 19573 | Lair:6   | Identified the +8 kite shield of the Nexus {-Tele Str+5}
 20052 | Lair:6   | Found the +5 demon whip "Spellbinder" {antimagic, Will+}
 20347 | D:10     | Entered Level 10 of the Dungeon
 20421 | D:10     | Found a bloodstained altar of Trog.
 21082 | D:11     | Reached skill level 5 in Throwing
 21163 | D:11     | Found a shimmering altar of Xom.
 21164 | D:11     | Found the +7 mace of Variability {chain chaos}
 21725 | Orc:2    | Entered Level 2 of the Orcish Mines
 21725 | Orc:2    | Found Suaffacs's Book Emporium.
 22933 | Orc:2    | Found Cekou's Distillery.
 22954 | Orc:2    | Found Liulies's Magic Scroll Boutique.
 23007 | Orc:1    | Paralysed by an ogre mage for 3 turns
 23577 | Orc:2    | Reached XP level 15. HP: 89/115 MP: 15/15
 23976 | Orc:2    | Bought a potion of resistance for 170 gold pieces
 23976 | Orc:2    | Bought a potion of mutation for 136 gold pieces
 23982 | Orc:2    | Found Jijoq's Distillery.
 23983 | Orc:2    | Found Womecese's Assorted Antiques.
 24009 | Orc:2    | Found a staircase to the Elven Halls.
 24695 | D:12     | Noticed Psyche
 24713 | D:12     | Killed Psyche
 24763 | D:12     | Found a flagged portal.
 24772 | Bailey   | Entered a bailey
 24781 | Bailey   | Received a gift from Trog
 24967 | Bailey   | Acquired 1176 gold pieces
 25280 | Bailey   | Reached skill level 15 in Shields
 26223 | D:13     | Found Pyqutanu's Armour Shoppe.
 26634 | D:13     | Noticed Frances
 26671 | D:13     | Killed Frances
 27716 | Orc:2    | Bought a transparent plate armour for 812 gold pieces
 27716 | Orc:2    | Identified the +5 plate armour of the Vaults {rN+} (You
                  | bought it in a shop on level 2 of the Orcish Mines)
 27886 | D:14     | Received a gift from Trog
 28080 | D:14     | Paralysed by something for 4 turns
 28562 | D:14     | Reached XP level 16. HP: 111/132 MP: 16/16
 28805 | D:14     | Found a gate to the Vaults.
 29381 | D:14     | Reached skill level 7 in Dodging
 29568 | D:14     | Reached skill level 10 in Evocations
 29676 | D:14     | Identified the Handbook of Air and Transmutation
 30086 | D:15     | Entered Level 15 of the Dungeon
 30197 | D:15     | Found a hide-covered altar of Uskayaw.
 31058 | D:15     | Found Cialat's Armour Emporium.
 31063 | D:15     | Bought the +0 helmet of Thoughtfulness {Slay+6} for 587
                  | gold pieces
 31134 | D:15     | Reached skill level 8 in Dodging
 31168 | D:15     | Found Suugiz's Magic Scroll Shoppe.
 31442 | D:15     | Found a staircase to the Depths.
 31770 | Swamp:1  | Entered Level 1 of the Swamp
 31897 | Swamp:1  | You fall into a shaft and drop 1 floor!
 32055 | Swamp:1  | Identified the +4 spear of the Globe {flame, rC+} (Trog
                  | gifted it to you on level 1 of the Swamp)
 32055 | Swamp:1  | Received a gift from Trog
 32400 | Swamp:1  | Reached XP level 17. HP: 109/140 MP: 17/17
 32559 | Swamp:1  | Reached skill level 9 in Dodging
 33643 | Swamp:3  | Reached skill level 15 in Fighting
 34395 | Swamp:4  | Entered Level 4 of the Swamp
 34426 | Swamp:4  | Reached skill level 10 in Dodging
 34436 | Swamp:4  | Received a gift from Trog
 34882 | Swamp:4  | Noticed Mara
 34902 | Swamp:4  | Killed Mara
 35281 | Swamp:4  | Reached skill level 11 in Dodging
 35330 | Swamp:4  | Noticed Donald
 35343 | Swamp:4  | Reached XP level 18. HP: 149/149 MP: 18/18
 35357 | Swamp:4  | Killed Donald
 35807 | Swamp:4  | Got a decaying rune of Zot
 36092 | Snake:1  | Entered Level 1 of the Snake Pit
 37370 | Snake:2  | Found Cuquf's Assorted Antiques.
 37373 | Snake:2  | Found Rerr's Assorted Antiques.
 37373 | Snake:2  | Found Kobipe's Armour Shop.
 37378 | Snake:2  | Found Acaumn's Antique Armour Boutique.
 37387 | Snake:2  | Bought a scroll labelled NUESUCEJYWN for 25 gold pieces
 37403 | Snake:2  | Bought +1 gold dragon scales for 1218 gold pieces
 37420 | Snake:2  | Bought a flickering sapphire amulet for 130 gold pieces
 37420 | Snake:2  | Identified the amulet "Dylimm" {RegenMP *Slow +Blink rPois
                  | rC+} (You bought it in a shop on level 2 of the Snake Pit)
 37477 | Snake:2  | Found Zyriklez's Magic Scroll Emporium.
 37497 | Snake:2  | Bought a twisted malachite amulet for 125 gold pieces
 37561 | Snake:2  | Reached ****** piety under Trog
 37574 | Snake:2  | Received a gift from Trog
 40222 | Snake:4  | Entered Level 4 of the Snake Pit
 40235 | Snake:4  | Identified the +5 trident of Trog's Reproof {flame, rElec
                  | rCorr Dex+5 SInv} (Trog gifted it to you on level 4 of the
                  | Snake Pit)
 40235 | Snake:4  | Received a gift from Trog
 40710 | Snake:4  | Reached XP level 19. HP: 154/157 MP: 19/19
 40774 | Snake:4  | Noticed Aizul
 40799 | Snake:4  | Killed Aizul
 40829 | Snake:4  | Received a gift from Trog
 42526 | Snake:4  | Got a serpentine rune of Zot
 43073 | Vaults:1 | Entered Level 1 of the Vaults
 43153 | Vaults:1 | Reached skill level 10 in Throwing
 43172 | Vaults:1 | Received a gift from Trog
 43515 | Vaults:1 | Reached skill level 15 in Armour
 44725 | Vaults:1 | Reached skill level 12 in Dodging
 45046 | Vaults:1 | Reached XP level 20. HP: 161/164 MP: 20/20
 45531 | Vaults:1 | Identified the +4 halberd of Cynicism {flame, Int+6} (Trog
                  | gifted it to you on level 1 of the Vaults)
 45531 | Vaults:1 | Received a gift from Trog
 45819 | Vaults:1 | Found a runed translucent gate.
 45819 | Vaults:1 | Found a runed translucent gate.
 45819 | Vaults:1 | Found a runed translucent gate.
 45819 | Vaults:1 | Noticed kd29's ghost (adept GrFE)
 45819 | Vaults:1 | Noticed Tewud's ghost (journeyman FeIE)
 45820 | Vaults:1 | Noticed porpoise's ghost (adept DjVM)
 45820 | Vaults:1 | Noticed garrulousMonolith's ghost (veteran GnFi)
 45983 | Vaults:2 | Found a flickering gateway to a bazaar.
 46010 | Bazaar   | Entered a bazaar
 46010 | Bazaar   | Found Beotioh's Weapon Shoppe.
 46010 | Bazaar   | Found Emoajy's Armour Emporium.
 46012 | Bazaar   | Found Vuosm's Jewellery Shoppe.
 46028 | Bazaar   | Found Inyilear's Weapon Emporium.
 46104 | Vaults:2 | Acquired a manual of Dodging
 46168 | Vaults:2 | Found a runed translucent gate.
 46168 | Vaults:2 | Found a runed translucent gate.
 46168 | Vaults:2 | Noticed robertstho's ghost (veteran MiBe)
 46168 | Vaults:2 | Noticed Kipt's ghost (adept SpFE)
 46169 | Vaults:2 | Found a runed translucent gate.
 46169 | Vaults:2 | Noticed Lolleill's ghost (adept DgTm)
 46169 | Vaults:2 | Noticed SlowGraham's ghost (legendary KoMo)
 46194 | Vaults:2 | Killed Lolleill's ghost
 46214 | Vaults:2 | Killed SlowGraham's ghost
 46225 | Vaults:2 | Killed Kipt's ghost
 46227 | Vaults:2 | Killed robertstho's ghost
 46228 | Vaults:2 | Reached skill level 13 in Dodging
 46260 | Vaults:2 | Identified the +0 ring mail "Oxur" {Fly rF+ rCorr Int-2}
 46986 | Vaults:2 | Identified the +1 ring mail of a wizard's laboratory
                  | {Contam +Blink Regen+ MP+9}
 47545 | Vaults:3 | Reached skill level 14 in Dodging
 47629 | Vaults:3 | Found a staircase to the Crypt.
 47691 | Vaults:3 | Found a portal to a secret trove of treasure.
 47736 | Vaults:3 | Received a gift from Trog
 47763 | Vaults:3 | Reached skill level 15 in Dodging
 47819 | Vaults:3 | Found a magical portal.
 47834 | WizLab   | Entered Zonguldrok's Shrine
 48252 | WizLab   | Reached skill level 16 in Dodging
 48398 | WizLab   | Noticed an antique lich
 48414 | WizLab   | Killed an antique lich
 48418 | WizLab   | Found the +9 sword of Zonguldrok {reap}
 48500 | Vaults:3 | Cast into level 2 of the Abyss (a wizard)
 48500 | Abyss:2  | Found a corrupted altar of Lugonu.
 48526 | Vaults:3 | Escaped the Abyss
 48530 | Vaults:3 | Reached XP level 21. HP: 159/171 MP: 21/21
 50267 | Snake:2  | Bought a brightly glowing chain mail for 313 gold pieces
 50267 | Snake:2  | Identified the +0 chain mail of Uskayaw's Inspiration
                  | {rElec rC++} (You bought it in a shop on level 2 of the
                  | Snake Pit)
 50267 | Snake:2  | Bought a spiked plate armour for 924 gold pieces
 50267 | Snake:2  | Identified the +1 plate armour of Fortification {rF+ Str+5}
                  | (You bought it in a shop on level 2 of the Snake Pit)
 50710 | Vaults:3 | Reached skill level 17 in Dodging
 51321 | Vaults:4 | Reached skill level 18 in Dodging
 51395 | Vaults:4 | Received a gift from Trog
 52380 | Vaults:5 | Entered Level 5 of the Vaults
 52380 | Vaults:5 | Noticed an ancient lich
 52389 | Vaults:5 | Noticed a golden dragon
 52413 | Vaults:5 | Killed a golden dragon
 52419 | Vaults:5 | Noticed Margery
 52437 | Vaults:5 | Killed Margery
 52457 | Vaults:5 | Reached skill level 15 in Throwing
 52778 | Vaults:5 | Reached XP level 22. HP: 172/178 MP: 22/22
 52802 | Vaults:5 | Got a silver rune of Zot
 52860 | Vaults:5 | Noticed an ancient lich
 52894 | Vaults:5 | Killed an ancient lich
 53234 | Vaults:5 | Identified the +5 mace of Hell's Wrath {vorpal, Int+4}
                  | (Trog gifted it to you on level 5 of the Vaults)
 53234 | Vaults:5 | Received a gift from Trog
 53278 | Vaults:5 | Killed an ancient lich
 53326 | Vaults:5 | Reached skill level 19 in Dodging
 53389 | Vaults:5 | Paralysed by a floating eye for 4 turns
 53803 | Vaults:5 | Cast into level 2 of the Abyss (a deep elf sorcerer)
 54002 | Abyss:2  | Gained mutation: You tend to lose your temper in combat. [a
                  | neqoxec]
 54027 | Abyss:2  | Paralysed by accursed screaming for 1 turns
 54058 | Abyss:2  | Identified the +7 trident "Galik" {vorpal, rCorr Dex+3
                  | Stlth+} (Trog gifted it to you on level 2 of the Abyss)
 54058 | Abyss:2  | Received a gift from Trog
 54189 | Vaults:5 | Escaped the Abyss
 54190 | Vaults:5 | Noticed a dread lich
 54216 | Vaults:5 | Paralysed by something for 4 turns
 54226 | Vaults:5 | HP: 5/172 [dread lich (12)]
 54236 | Vaults:5 | Killed a dread lich
 54751 | Vaults:5 | Noticed an ancient lich
 54777 | Vaults:5 | Killed an ancient lich
 54793 | Vaults:5 | Reached XP level 23. HP: 49/186 MP: 23/23
 55001 | Vaults:5 | Noticed a dread lich
 55020 | Vaults:5 | Killed a dread lich
 55021 | Vaults:5 | Noticed a golden dragon
 55031 | Vaults:5 | Killed a golden dragon
 55323 | Vaults:5 | Noticed a golden dragon
 55335 | Vaults:5 | Killed a golden dragon
 55550 | Vaults:5 | Noticed Frederick
 55569 | Vaults:5 | Killed Frederick
 55610 | Vaults:5 | Acquired the ring "Etucea" {rPois rF+ rC+ Str-4 Dex+10}
 56205 | Elf:1    | Entered Level 1 of the Elven Halls
 56324 | Elf:1    | Noticed Asterion
 56353 | Elf:1    | Killed Asterion
 56445 | Elf:1    | Received a gift from Trog
 56446 | Elf:1    | Reached skill level 20 in Dodging
 56905 | Elf:1    | Lost mutation: You tend to lose your temper in combat.
                  | [potion of mutation]
 56905 | Elf:1    | Gained mutation: Your system is resistant to poisons.
                  | (rPois) [potion of mutation]
 56905 | Elf:1    | Gained mutation: You are clumsy. (Dex -2) [potion of
                  | mutation]
 56905 | Elf:1    | Gained mutation: Your spells are a little harder to cast,
                  | but a little more powerful. [potion of mutation]
 56905 | Elf:1    | Gained mutation: Your muscles are strong. (Str +2) [potion
                  | of mutation]
 57574 | Elf:2    | Found Okode's General Store.
 57647 | Elf:2    | Received a gift from Trog
 57713 | Elf:2    | Found a runed translucent gate.
 57713 | Elf:2    | Found a runed translucent gate.
 57713 | Elf:2    | Found a runed translucent gate.
 58057 | Elf:2    | Noticed Agnes
 58068 | Elf:2    | Killed Agnes
 58336 | Elf:3    | Entered Level 3 of the Elven Halls
 58477 | Elf:3    | Reached XP level 24. HP: 144/195 MP: 23/23
 58503 | Elf:3    | Received a gift from Trog
 59280 | Elf:3    | Identified the +8 rapier of Bright Purpose {flame, rElec
                  | rPois rCorr Str-3}
 59280 | Elf:3    | Identified the ring "Narytatz" {rElec rCorr Dex+6}
 59405 | Elf:3    | Identified the +8 whip "Moxiwaisch" {freeze, Fragile +Blink
                  | rElec Str+3}
 59405 | Elf:3    | Identified the amulet of Tender Moments {Regen+ Int+4}
 59406 | Elf:3    | Identified the +5 demon whip "Luozad" {vorpal, rCorr}
 59406 | Elf:3    | Identified the ring "Omuocw" {rPois Str-3 Dex+8 Stlth+}
 59424 | Elf:3    | Identified the +9 falchion "Maedysm" {holy, rElec rF-
                  | Str+4}
 59424 | Elf:3    | Identified the ring of Heliutre {Fly rN+++ rCorr Stlth-}
 59495 | Elf:3    | Identified the ring "Xuwkewn" {Int+3 SInv}
 59572 | Elf:3    | Received a gift from Trog
 59659 | Elf:3    | Identified the +1 trident of Kosiem Maso {distort, rElec}
 59716 | Elf:3    | Identified the +4 shortbow of Ynaihuc {flame, rPois rC+}
 59845 | Elf:3    | Upgraded the game from 0.27-a0-1051-g288ea87c7c to
                  | 0.27-a0-1060-gcb85b5eba1
 59935 | Elf:2    | Bought a potion of haste for 190 gold pieces
 59935 | Elf:2    | Bought a potion of heal wounds for 95 gold pieces
 60037 | Orc:2    | Bought a potion of heal wounds for 50 gold pieces
 60261 | Snake:2  | Bought 2 potions of heal wounds for 260 gold pieces
 60261 | Snake:2  | Bought a scroll of enchant armour for 195 gold pieces
 60564 | Depths:1 | Entered Level 1 of the Depths
 60956 | Depths:1 | Found a one-way gate to the infinite horrors of the Abyss.
 60956 | Depths:1 | Noticed Louise
 60967 | Depths:1 | Killed Louise
 61038 | Depths:1 | Received a gift from Trog
 61130 | Depths:1 | Reached skill level 21 in Dodging
 61646 | Depths:1 | Found a gateway to Hell.
 61739 | Depths:1 | Found a basalt altar of Yredelemnul.
 61894 | Hell     | Entered the Vestibule of Hell
 61894 | Hell     | Noticed Geryon
 61933 | Hell     | Killed Geryon
 62087 | Hell     | Reached XP level 25. HP: 204/204 MP: 23/23
 62406 | Vaults:3 | You paid a toll of the horn of Geryon to enter a treasure
                  | trove
 62407 | Trove    | Entered a treasure trove
 62454 | Trove    | Identified the amulet of Existentialism {Faith rF+ rN+
                  | Slay-2}
 62458 | Trove    | Identified the ring "Plog" {Contam rN+ Will++ Str-4 SInv}
 62501 | Trove    | Identified the +12 whip of Royalism {vorpal, rPois Str+2}
 62890 | Depths:2 | Received a gift from Trog
 62979 | Depths:2 | Noticed an ancient lich
 63030 | Depths:2 | Killed an ancient lich
 63669 | Depths:2 | Found an iron altar of Okawaru.
 64033 | Depths:2 | Received a gift from Trog
 64508 | Depths:2 | Identified the +4 chain mail of Love and Death {Will+ Int+4
                  | Dex+4}
 65184 | Depths:2 | Identified the +1 cloak of a sewer {Int+2 Slay+2}
 65594 | Depths:3 | Found Beyfif's Magic Scroll Emporium.
 65594 | Depths:3 | Found Muzil's Antique Weapon Shoppe.
 65598 | Depths:3 | Found Qaomei's Book Emporium.
 65631 | Depths:3 | Found a gateway to a ziggurat.
 66425 | Depths:3 | Received a gift from Trog
 66801 | Depths:3 | Found a one-way gate leading to the halls of Pandemonium.
 66817 | Depths:3 | Noticed Boris
 66835 | Depths:3 | Killed Boris
 66935 | Depths:3 | Found a shadowy altar of Dithmenos.
 67609 | Depths:4 | Noticed Boris
 67616 | Depths:4 | Reached XP level 26. HP: 173/213 MP: 23/23
 67639 | Depths:4 | Killed Boris
 67640 | Depths:4 | Reached skill level 22 in Dodging
 68059 | Depths:4 | Paralysed by a floating eye for 3 turns
 68178 | Depths:4 | Noticed a juggernaut
 68200 | Depths:4 | Killed a juggernaut
 68437 | Depths:4 | Noticed Mennas
 68474 | Depths:4 | Killed Mennas
 68727 | Depths:4 | Received a gift from Trog
 69125 | Depths:5 | Entered Level 5 of the Depths
 69755 | Depths:5 | Found a glowing golden altar of the Shining One.
 69997 | Depths:5 | Received a gift from Trog
 70408 | Depths:5 | Reached skill level 5 in Stealth
 70744 | Depths:5 | Found a gate to the Realm of Zot.
 70816 | Depths:5 | Identified the ring "Loetwexoj" {EV+4 Str+2 Int+4}
 71457 | Zot:1    | Entered Level 1 of the Realm of Zot
 71580 | Zot:1    | Reached XP level 27. HP: 195/223 MP: 23/23
 71595 | Zot:1    | Received a gift from Trog
 71984 | Zot:1    | Identified the +10 plate armour of Cocytus {rPois}
 73087 | Zot:1    | Reached skill level 23 in Dodging
 73903 | Zot:2    | Received a gift from Trog
 75819 | Zot:4    | Received a gift from Trog
 76778 | Zot:5    | Entered Level 5 of the Realm of Zot
 76996 | Zot:5    | Identified the +5 rapier "Beetle's Undoing" {vorpal, rElec
                  | rC+ Int+3}
 77718 | Orc:1    | Killed snackwell's ghost
 79387 | Zot:5    | Noticed a dread lich
 79401 | Zot:5    | Killed a dread lich
 79434 | Zot:5    | Reached skill level 24 in Dodging
 79440 | Zot:5    | Noticed an ancient lich
 79453 | Zot:5    | Killed an ancient lich
 79457 | Zot:5    | Noticed a dread lich
 79459 | Zot:5    | Noticed an orb of fire
 79460 | Zot:5    | Noticed an ancient lich
 79461 | Zot:5    | Noticed a dread lich
 79475 | Zot:5    | Killed a dread lich
 79488 | Zot:5    | Gained mutation: Your magical capacity is low. (-10% MP)
                  | [an orb of fire]
 79489 | Zot:5    | Noticed an orb of fire
 79490 | Zot:5    | HP: 8/227 [Orb Guardian (21)]
 79491 | Zot:5    | Noticed an orb of fire
 79491 | Zot:5    | HP: 2/227 [Orb Guardian (7)]
 79491 | Zot:5    | Annihilated by an Orb Guardian

Illustrated notes

Levels and vault maps discovered:
D:1:      evilmike_arrival_rings, layout_rooms
D:2:      layout_basic, hellmonk_ecumenical_altar_arch_garden, uniq_terence
D:3:      layout_loops_ring, nemelex_spade_bored_becter, lemuel_round_altar,
          dk_noncrumbling_4, uniq_jessica
D:4:      lemuel_castle_with_subvaults [lemuel_castle_interior_original],
          layout_basic, uniq_robin
D:5:      layout_loops_ring, nicolae_overflow_hidden_temple, enter_ossuary_2
D:6:      layout_gridville, minmay_temple_entry_hall, grunt_decor_junction
D:7:      layout_cave_pools, minmay_holes
D:8:      layout_basic, grunt_ministairs_14, serial_park_tiny_1, uniq_erica,
          uniq_harold
D:9:      layout_loops_ring, erik_lair_orcish_takeover, erik_orc_3,
          serial_shops, shop, uniq_grum
D:10:     layout_cross, trog_butcher_becter
D:11:     layout_cave_pods, serial_rivers, chequers_serial_rivers_small_b,
          chequers_serial_rivers_micro_a, chequers_serial_rivers_micro_c,
          chequers_serial_rivers_micro_a, minmay_guarded_unrand_variability
D:12:     layout_rooms, enter_bailey_2, uniq_psyche
D:13:     layout_long_grid, serial_shops, nicolae_shop_window_shopping,
          uniq_frances
D:14:     kennysheep_green_arena, layout_irregular_city,
          lightli_vaults_fourway_checkpoint, minivault_19,
          nicolae_twisting_strands
D:15:     grunt_enter_depths_hoard, layout_basic, serial_shops, shop,
          shop_statue, nicolae_uskayaw_dance_hall
Lair:1:   layout_hall_layers, fungi_pond_lemuel, fungi_pond_lemuel,
          bh_autumn_forest_stairs, beast_lair_carwin_9, serial_bayou_shore_b,
          lemuel_fruit_tree, uniq_fannar
Lair:2:   layout_misc_corridors, minmay_snake_entry_guardpost_medium,
          chequers_serial_rivers_micro_a
Lair:3:   layout_small_grid
Lair:4:   layout_regular_city, minmay_swamp_entry_worms,
          cheibrodos_lair_lostbears, infiniplex_staircase_pool
Lair:5:   layout_cave_shapes, grunt_megastairs_1
Lair:6:   grunt_lair_end_beastmaster, layout_gridlike, slime_altar_1,
          serial_bayou_shore_b, serial_bayou_shore_b, minmay_lair_oklob_chamber
Swamp:1:  layout_basic_swamp, evilmike_swamp_ruin_house_3
Swamp:2:  layout_basic_swamp, evilmike_swamp_ruin_rubble_1
Swamp:3:  layout_basic_swamp, nicolae_swamp_feature_on_the_river_bank,
          lightli_tree_ring
Swamp:4:  swamp_alternative, layout_basic_swamp, swamp_pool3, uniq_donald,
          uniq_mara
Snake:1:  layout_chambers, grunt_megastairs_4
Snake:2:  layout_misc_corridors, serial_shops, nicolae_shop_behind_doors,
          minmay_shoptagon
Snake:3:  layout_chambers
Snake:4:  snake_pit, layout_cave_town, hangedman_snake_corridor_split,
          uniq_aizul
Orc:1:    layout_diamond_mine, ebering_ghost_xom
Orc:2:    st_orc_open, layout_caves, serial_shops, shop, rock_pile
Elf:1:    eino_elf_arrival_sip, layout_geoelf_grid, hangedman_elf_represent,
          grunt_ministairs_2, minmay_strange_pillars, grunt_megastairs_5,
          uniq_asterion
Elf:2:    layout_gridlike, serial_shops, shop_statue, lemuel_upstairs_altar,
          uniq_agnes
Elf:3:    minmay_elf_hall_statues, layout_geoelf_octagon, dk_noncrumbling_3,
          amcnicky_mini_pool_small
Vaults:1: gammafunk_vaults_ghost_cemetery, v_misc_22,
          vaults_mumra_minichess_inversion, v_rooms_2, vaults_room_pools,
          vaults_dpeg_ring, special_room_vaults [special_room_orc], v_pattern_4,
          vaults_room_fours, nicolae_vaults_theta,
          nicolae_vaults_yaktaur_gun_rack, ontoclasm_vaults_ligature,
          nicolae_vaults_alarming, vaults_dpeg_doors, ontoclasm_vaults_twist,
          layout_vaults_omnicross
Vaults:2: gammafunk_vaults_ghost_cemetery, hangedman_vaults_stagger,
          nicolae_vaults_bisected_slash, ontoclasm_vaults_gateway, serial_ice_h,
          dpeg_vaults_monster_box, layout_vaults_omnigrid, serial_shops,
          bzr_entry_gold
Vaults:3: minmay_crypt_entry_simple_corners, nicolae_vaults_network_periphery,
          v_misc_1, hangedman_vaults_slice,
          nicolae_vaults_windows_and_doors_thing,
          vaults_standard_mumra_enter_the_diamond, ontoclasm_vaults_hangar,
          v_pattern_1, vaults_room_pool, layout_vaults_omnibox,
          nicolae_trove_entry_free_sample, mu_enter_wizlab_4
Vaults:4: hangedman_vaults_corner, hangedman_vaults_corner_blocks,
          nicolae_vaults_circle_grid_b, hangedman_vaults_slice, v_misc_8,
          vaults_room_semicircle, v_misc_15, vaults_room_corners,
          vaults_room_octagon, vaults_room_hallway, vaults_room_large_hall,
          v_pattern_2, hangedman_vaults_stitches, layout_vaults_maze_bifur
Vaults:5: serial_shops, uniq_margery, uniq_frederick
Depths:1: lemuel_troll_bridge, layout_gridville, grunt_hell_entry_dis_mu,
          nicolae_abyss_entry_one_way_or_another, serial_glass, glass_columns_b,
          glass_columns_a, skrybe_limestone_x, hex_large,
          yredelemnul_altar_generic, serial_bayou_shore_b, serial_bayou_shore_b
Depths:2: evilmike_iron_armoury, layout_gridlike, hangedman_coc_ice_floe,
          special_room [special_room_morgue], hangedman_decor_points,
          minmay_staircase_bubble
Depths:3: cheibrodos_tormentor_scu, layout_gridlike, enter_ziggurat_c,
          pan_entry, pf_hell_entry_great_geh, abyss_entry_small_statue_room,
          nicolae_dithmenos_through_a_glass_darkly, minmay_shop_star,
          infiniplex_staircase_diamond, serial_bayou_shore_a, uniq_boris
Depths:4: minmay_concentric_multi, layout_honeycomb, grunt_pan_entry_spiral,
          abyss_entry, hell_entry, kennysheep_generic_room_8, uniq_mennas
Depths:5: grunt_bruiser_brothers, layout_gridlike,
          nicolae_tso_swordbearing_angel, rand_demon_pan_entry_9, hell_entry,
          eino_tiny_chamber, chequers_hall_statues_corner_a,
          minmay_crystal_water
Hell
Zot:1:    layout_onion_interference
Zot:2:    kennysheep_room_grid, layout_onion, grunt_ministairs_9
Zot:3:    layout_misc_corridors
Zot:4:    layout_concentric_octagons
Zot:5:    layout_concentric_octagons

Skill      XL: |  1  2  3  4  5  6  7  8  9 10 11 12 13 14 15 16 17 18 19 20 21 22 23 24 25 26 27 |
---------------+----------------------------------------------------------------------------------+-----
Polearms       | 5 6 7 8 11 12 14 16 17 18 20 22 | 22.0
Armour         | 2 3 4 5 6 7 9 10 11 12 14 15 16 17 18 19 20 | 20.9
Fighting       | 4 5 6 9 10 13 14 15 16 17 18 19 20 | 20.8
Dodging        | 5 6 8 11 12 16 18 19 20 21 22 24 | 24.1
Evocations     | 7 8 11 13 14 | 14.0
Shields        | 6 11 14 15 16 17 18 | 18.6
Throwing       | 2 6 8 10 13 15 16 | 16.0
Stealth        | 6 7 |  7.6

Action                   |  1- 3 |  4- 6 |  7- 9 | 10-12 | 13-15 | 16-18 | 19-21 | 22-24 | 25-27 || total
-------------------------+-------+-------+-------+-------+-------+-------+-------+-------+-------++-------
Melee: Spear             |    86 |   170 |   179 |       |       |       |       |       |       ||   435
       Halberd           |       |       |   189 |   495 |       |       |       |       |       ||   684
       Tailslap          |       |       |     9 |     8 |       |    22 |     2 |    42 |    14 ||    97
       Trident           |       |       |       |     5 |       |       |    38 |    82 |       ||   125
       Lance             |       |       |       |   213 |  1534 |  1633 |  1830 |  1591 |  2200 ||  9001
       Demon trident     |       |       |       |       |       |       |       |       |    51 ||    51
Throw: Dart              |       |       |     2 |     8 |       |       |     1 |       |    24 ||    35
       Boomerang         |       |       |     2 |       |    22 |    19 |   249 |   129 |    80 ||   501
       Javelin           |       |       |       |       |       |       |       |    10 |     5 ||    15
       Throwing net      |       |       |       |       |       |       |       |       |     1 ||     1
Invok: Berserk           |     3 |     6 |     4 |     5 |    13 |     4 |     4 |     4 |     4 ||    47
       Trog's Hand       |       |     3 |       |     7 |    10 |     5 |    16 |    15 |     5 ||    61
       Brothers in Arms  |       |       |     1 |     1 |     4 |     3 |     7 |     7 |     3 ||    26
Evoke: Wand              |       |       |       |     1 |     1 |       |     2 |     6 |    30 ||    40
       Tin of tremorston |       |       |       |       |       |       |     4 |     6 |     1 ||    11
       Phial of floods   |       |       |       |       |       |       |       |     4 |     1 ||     5
       Condenser vane    |       |       |       |       |       |       |       |     2 |       ||     2
       Piece from Xom's  |       |       |       |       |       |       |       |     1 |       ||     1
       Lightning rod     |       |       |       |       |       |       |       |       |     4 ||     4
  Use: Potion            |       |     1 |       |     2 |     2 |       |     8 |    10 |     1 ||    24
       Scroll            |       |       |    18 |     5 |     8 |     5 |     7 |     6 |    10 ||    59
 Stab: Sleeping          |     3 |       |       |       |       |       |       |       |       ||     3
       Paralysed         |       |       |       |     2 |       |       |       |       |       ||     2
       Petrified         |       |       |       |       |     9 |     9 |       |       |       ||    18
       Petrifying        |       |       |       |       |       |     2 |       |       |       ||     2
       Distracted        |       |       |       |       |       |       |     3 |     1 |     5 ||     9
       Held in net/web   |       |       |       |       |       |       |       |       |     2 ||     2
       Invisible         |       |       |       |       |       |       |       |       |     1 ||     1
Armor: Animal skin       |    11 |       |       |       |       |       |       |       |       ||    11
       Scale mail        |       |    15 |       |       |       |       |       |       |       ||    15
       Chain mail        |       |    22 |    85 |   150 |   283 |   174 |       |       |       ||   714
       Plate armour      |       |       |       |     4 |       |       |       |       |       ||     4
       Skin              |       |       |       |       |     5 |       |       |       |       ||     5
       Gold dragon scale |       |       |       |       |       |    85 |   360 |   339 |   535 ||  1319
Dodge: Dodged            |    19 |    30 |    91 |   138 |   241 |   197 |   185 |   370 |   474 ||  1745
Block: Other             |       |       |     9 |    53 |       |       |       |       |       ||    62
       Reflection        |       |       |       |     2 |    40 |    85 |   123 |    49 |    19 ||   318
       Buckler           |       |       |       |    40 |    43 |       |       |       |       ||    83
       Kite shield       |       |       |       |       |   849 |   761 |   923 |   685 |   838 ||  4056

Table legend: (Time is in decaauts)
 A = Elapsed time spent in this place.
 B = Non-inter-level travel time spent in this place.
 C = Inter-level travel time spent in this place.
 D = Time resting spent in this place.
 E = Time spent auto-exploring this place.
 F = Levels seen in this place.
 G = Mean time per level.
                   A        B        C        D        E       F      G
               +--------+--------+--------+--------+--------+-----+--------+
         Total |  74645 |  65797 |   8848 |   9006 |  44216 |  57 | 1309.6 |
       Dungeon |  20220 |  16719 |   3501 |   1807 |  12227 |  15 | 1348.0 |
          Lair |   9211 |   7980 |   1231 |   1316 |   5616 |   6 | 1535.2 |
         Swamp |   3668 |   3505 |    163 |    144 |   2772 |   4 |  917.0 |
     Snake Pit |   6553 |   6164 |    389 |    137 |   5027 |   4 | 1638.2 |
  Orcish Mines |   3658 |   3166 |    492 |    811 |   1736 |   2 | 1829.0 |
   Elven Halls |   3766 |   3321 |    445 |    326 |   2261 |   3 | 1255.3 |
        Vaults |   9699 |   8516 |   1183 |   1570 |   4815 |   5 | 1939.8 |
        Depths |   9432 |   8469 |    963 |   1320 |   5434 |   5 | 1886.4 |
          Hell |     64 |     64 |      0 |      0 |      0 |   1 |   64.0 |
           Zot |   6256 |   5776 |    480 |   1013 |   3763 |   5 | 1251.2 |
         Abyss |    307 |    307 |      0 |      4 |      0 |   2 |  153.5 |
        Bazaar |     50 |     50 |      0 |      0 |     31 |   1 |   50.0 |
         Trove |    104 |    104 |      0 |      0 |     63 |   1 |  104.0 |
       Ossuary |    464 |    464 |      0 |    194 |    169 |   1 |  464.0 |
        Bailey |    633 |    633 |      0 |    303 |    156 |   1 |  633.0 |
        Wizlab |    552 |    552 |      0 |     57 |    144 |   1 |  552.0 |
               +--------+--------+--------+--------+--------+-----+--------+

Top non-repeatable levels by time:
    D:14: 3036 daAuts
 Snake:3: 2786 daAuts
Vaults:5: 2686 daAuts
Depths:5: 2379 daAuts
  Lair:4: 2244 daAuts
Depths:2: 2223 daAuts
     D:9: 2093 daAuts
   Orc:1: 2073 daAuts
  Lair:1: 2027 daAuts
Vaults:1: 1959 daAuts
   Zot:1: 1929 daAuts
Vaults:3: 1833 daAuts
     D:4: 1830 daAuts
    D:13: 1748 daAuts
Vaults:2: 1717 daAuts
